 Dungeon Crawl Stone Soup version 0.24-a0-429-g4608c8fa30 (webtiles) character file.

Game seed: 10854942845637924213

16 Ijustatesigmund the Skirmisher (level 2, 0/33 HPs)
             Began as an Ogre Fighter on June 13, 2019.
             Slain by a jackal (2 damage)
             ... on level 1 of the Dungeon.
             The game lasted 00:01:09 (585 turns).

Ijustatesigmund the Skirmisher (Ogre Fighter)        Turns: 585, Time: 00:01:09

Health: 0/33       AC:  3    Str: 18 (19) XL:     2   Next: 58%
Magic:  1/1        EV:  8    Int:  7 (9)  God:
Gold:   25         SH:  7    Dex:  6 (8)  Spells: 1/1 levels left

rFire    . . .     SeeInvis .   a - +0 flail
rCold    . . .     Gourm    .   c - +0 shield
rNeg     . . .     Faith    .   b - +0 robe
rPois    .         Spirit   .   (helmet restricted)
rElec    .         Reflect  .   (no cloak)
rCorr    .         Harm     .   (gloves unavailable)
MR       .....                  (boots unavailable)
Stlth    ++........             (no amulet)
HPRegen  0.11/turn              (no ring)
MPRegen  0.07/turn              (no ring)

@: flying
A: large, unfitting armour, horns 1, camouflage 1, low mp 1, tough skin 1, no
potion heal 1
a: no special abilities


You were on level 1 of the Dungeon.
You were not hungry.

You visited 1 branch of the dungeon, and saw 1 of its levels.

You collected 25 gold pieces.

Inventory:

Hand Weapons
 a - a +0 flail (weapon)
Armour
 b - a +0 robe (worn)
 c - a +0 shield (worn)
Scrolls
 h - 2 scrolls of identify {unknown}
 j - a scroll of fear {unknown}
Potions
 d - a potion of might
Comestibles
 f - 3 rations


   Skills:
 + Level 4.3 Fighting
 * Level 2.5 Maces & Flails
 - Level 2.6 Dodging
 - Level 2.6 Shields


You had one spell level left.
You didn't know any spells.
Your spell library was empty.

Dungeon Overview and Level Annotations

Branches:
Dungeon (1/15)

Altars:


Innate Abilities, Weirdness & Mutations

You are too large for most types of armour.
You have tough skin. (AC +1)
You have a pair of small horns on your head.
Your skin changes colour to match your surroundings (Stealth+).
Your magical capacity is low. (-10% MP)
Potions are less effective at restoring your health.


Message History

* * * LOW HITPOINT WARNING * * *
The jackal completely misses you. The jackal bites you.
* * * LOW HITPOINT WARNING * * *
It was a potion of degeneration.
There was something very wrong with that liquid.
You feel weakened.
You feel dopey.
You feel clumsy. You block the jackal's attack. The jackal closely misses you.
It was a potion of flight.
You feel very buoyant.
You fly up into the air.
The jackal closely misses you. You block the jackal's attack.
The jackal barely misses you. x2
You hit the jackal. Your headbutt misses the jackal.
The jackal is severely wounded.
You block the jackal's attack. x2
You closely miss the jackal.
The jackal is severely wounded.
The jackal bites you.
* * * LOW HITPOINT WARNING * * *
The jackal bites you.
You die...

### ### ###.. ..#
##...#####.#
##..........#
#.......# #.#
#.......###.#########
#............@h......
##.....####$..h######
##...## #.....#
##..#####....##
#........#.##
#.########.# #####.#
#.# #.....# #+#
#.#####


You could see 2 jackals.

Vanquished Creatures
  A dart slug (D:1)
  4 bats (D:1)
  A goblin (D:1)
  2 hobgoblins (D:1)
  A jackal (D:1)
  A ball python (D:1)
  3 kobolds (D:1)
  A rat (D:1)
14 creatures vanquished.

Notes
Turn   | Place    | Note
-------+----------+-------------------------------------------
     0 | D:1      | Ijustatesigmund the Ogre Fighter began the quest for the
                  | Orb.
     0 | D:1      | Reached XP level 1. HP: 24/24 MP: 1/1
   265 | D:1      | Reached XP level 2. HP: 31/32 MP: 2/2
   579 | D:1      | Gained mutation: Your magical capacity is low. (-10% MP)
                  | [potion of mutation]
   579 | D:1      | Gained mutation: Potions are less effective at restoring
                  | your health. [potion of mutation]
   579 | D:1      | Gained mutation: Your skin changes colour to match your
                  | surroundings (Stealth+). [potion of mutation]
   579 | D:1      | Gained mutation: You have a pair of small horns on your
                  | head. [potion of mutation]
   585 | D:1      | Slain by a jackal

Levels and vault maps discovered:
D:1:      nzn_arrival_water_spiral, layout_loops_corners

Skill      XL: |  1 |
---------------+----+-----
Maces & Flails | 2 |  2.5
Fighting       | |  4.3
Dodging        | |  2.6
Shields        | |  2.6

Action                   || total
-------------------------++-------
Melee: Flail             ||    68
  Use: Potion            ||     3
Armor: Robe              ||    30
Dodge: Dodged            ||    47
Block: Shield            ||    49

Table legend:
 A = Non-vault XP
 B = Vault XP
 C = Vault XP percentage of total XP
 D = Non-vault monster count
 E = Vault monster count
 F = Vault count percentage of total count
                 A         B        C        D         E       F
            +---------+---------+-------+---------+---------+-------
      Total |      24 |       0 |   0.0 |      14 |       0 |   0.0
            +---------+---------+-------+---------+---------+-------
        D:1 |      24 |       0 |   0.0 |      14 |       0 |   0.0
            +---------+---------+-------+---------+---------+-------
